TOP OF THE 1ST |
Nashua Redlegs batting - Pitching for Kenosha Kingfish : RHP Anastasio Cervantes
|
Pitching: RHP Anastasio Cervantes
|
|
Batting: RHB Miguel González
|
0-0: Called Strike 0-1: Ball 1-1: Ball 2-1: Foul Ball, location: 2F 2-2: Fly out, F8 (Flyball, 8LS)
|
Batting: LHB Tim Ramsey
|
0-0: Fly out, F8 (Flyball, 8RM)
|
Batting: RHB Héctor Vázquez
|
0-0: Called Strike 0-1: Ball 1-1: Called Strike 1-2: Ball 2-2: SINGLE (Flyball, 89S)
|
Batting: LHB Bill McCraney
|
0-0: Ball 1-0: DOUBLE (Line Drive, 9D) Héctor Vázquez to third Runner from 3rd tries for Home, SAFE, no throw or cutoff
|
Batting: SHB Ryan Holcomb
|
0-0: Foul Ball, location: 2F 0-1: Ground out 1-3 (Groundball, 15S)
|
Top of the 1st over - 1 run(s), 2 hit(s), 0 error(s), 1 left on base; Nashua 1 - Kenosha 0 |
BOTTOM OF THE 1ST |
Kenosha Kingfish batting - Pitching for Nashua Redlegs : LHP Joe Jenkins
|
Pitching: LHP Joe Jenkins
|
|
Batting: RHB Manuel Gómez
|
0-0: Ball 1-0: Ball 2-0: Ball 3-0: Called Strike 3-1: Base on Balls
|
Batting: RHB Sergio Mata
|
0-0: Ball 1-0: Grounds into double play, 5-4-3 (Groundball, 56)
|
Batting: RHB Francisco Martínez
|
0-0: Ball 1-0: Called Strike 1-1: Swinging Strike 1-2: Ball 2-2: Ball 3-2: Ground out 4-3 (Groundball, 4)
|
Bottom of the 1st over - 0 run(s), 0 hit(s), 0 error(s), 0 left on base; Nashua 1 - Kenosha 0 |
TOP OF THE 2ND |
Nashua Redlegs batting - Pitching for Kenosha Kingfish : RHP Anastasio Cervantes
|
Batting: LHB Bernardo Rodríguez
|
0-0: Ball 1-0: Ball 2-0: Ground out 1-3 (Groundball, 13S)
|
Batting: RHB Joe Noble
|
0-0: Called Strike 0-1: Ball 1-1: Ball 2-1: Ball 3-1: Base on Balls
|
Batting: RHB Alan Evans
|
0-0: Called Strike 0-1: Ground out 5-3 (Groundball, 56S) Joe Noble to second
|
Batting: SHB José Hernández
|
0-0: Foul Ball, location: 2F 0-1: Foul Ball, location: 2F 0-2: Strikes out swinging
|
Top of the 2nd over - 0 run(s), 0 hit(s), 0 error(s), 1 left on base; Nashua 1 - Kenosha 0 |
BOTTOM OF THE 2ND |
Kenosha Kingfish batting - Pitching for Nashua Redlegs : LHP Joe Jenkins
|
Batting: RHB Matt Rodríguez
|
0-0: Foul Ball, location: 2F 0-1: Ground out 5-3 (Groundball, 5L)
|
Batting: SHB Devin Smith
|
0-0: Ball 1-0: Called Strike 1-1: Ball 2-1: Ball 3-1: Base on Balls
|
Batting: LHB Richard Brooks
|
0-0: Called Strike 0-1: Ball 1-1: Swinging Strike 1-2: Ball 2-2: Ball 3-2: Strikes out swinging
|
Batting: LHB Miguel Flores
|
0-0: Called Strike Devin Smith steals 2nd base 0-1: Ball 1-1: Ball 2-1: Ball 3-1: Foul Ball, location: 2F 3-2: Foul Ball, location: 2F 3-2: Foul Ball, location: 2F 3-2: Base on Balls
|
Batting: RHB Doug Lutz
|
0-0: Ball 1-0: Fly out, F9 (Flyball, 89M)
|
Bottom of the 2nd over - 0 run(s), 0 hit(s), 0 error(s), 2 left on base; Nashua 1 - Kenosha 0 |
TOP OF THE 3RD |
Nashua Redlegs batting - Pitching for Kenosha Kingfish : RHP Anastasio Cervantes
|
Batting: RHB Miguel González
|
0-0: Ball 1-0: Foul Ball, location: 2F 1-1: Swinging Strike 1-2: Strikes out swinging
|
Batting: LHB Tim Ramsey
|
0-0: Ball 1-0: Ball 2-0: Ball 3-0: Called Strike 3-1: TRIPLE (Flyball, 78M)
|
Batting: RHB Héctor Vázquez
|
0-0: Fly out, F8 (Flyball, 8RD) Runner from 3rd tags up, SCORES, no throw
|
Batting: LHB Bill McCraney
|
0-0: Ground out 6-3 (Groundball, 6)
|
Top of the 3rd over - 1 run(s), 1 hit(s), 0 error(s), 0 left on base; Nashua 2 - Kenosha 0 |
BOTTOM OF THE 3RD |
Kenosha Kingfish batting - Pitching for Nashua Redlegs : LHP Joe Jenkins
|
Batting: RHB José Vargas
|
0-0: Ground out 6-3 (Groundball, 56)
|
Batting: RHB Manuel Gómez
|
0-0: Ground out 6-3 (Groundball, 6)
|
Batting: RHB Sergio Mata
|
0-0: Ball 1-0: Ball 2-0: Called Strike 2-1: Foul Ball, location: 2F 2-2: Foul Ball, location: 2F 2-2: Ball 3-2: Ground out 6-3 (Groundball, 6)
|
Bottom of the 3rd over - 0 run(s), 0 hit(s), 0 error(s), 0 left on base; Nashua 2 - Kenosha 0 |
TOP OF THE 4TH |
Nashua Redlegs batting - Pitching for Kenosha Kingfish : RHP Anastasio Cervantes
|
Batting: SHB Ryan Holcomb
|
0-0: Foul Ball, location: 2F 0-1: Ball 1-1: Called Strike 1-2: Ground out 5-3 (Groundball, 15S)
|
Batting: LHB Bernardo Rodríguez
|
0-0: Ball 1-0: Called Strike 1-1: Foul Ball, location: 2F 1-2: Foul Ball, location: 2F 1-2: Ball 2-2: Strikes out looking
|
Batting: RHB Joe Noble
|
0-0: Swinging Strike 0-1: Ball 1-1: SINGLE (Line Drive, 56D)
|
Batting: RHB Alan Evans
|
0-0: Called Strike 0-1: Ball 1-1: Swinging Strike 1-2: Foul Ball, location: 2F 1-2: Ball 2-2: Foul Ball, location: 2F 2-2: Strikes out swinging
|
Top of the 4th over - 0 run(s), 1 hit(s), 0 error(s), 1 left on base; Nashua 2 - Kenosha 0 |
BOTTOM OF THE 4TH |
Kenosha Kingfish batting - Pitching for Nashua Redlegs : LHP Joe Jenkins
|
Batting: RHB Francisco Martínez
|
0-0: Called Strike 0-1: Ball 1-1: Fly out, F9 (Line Drive, 9M)
|
Batting: RHB Matt Rodríguez
|
0-0: Called Strike 0-1: Foul Ball, location: 2F 0-2: Strikes out swinging
|
Batting: SHB Devin Smith
|
0-0: Called Strike 0-1: SINGLE (Groundball, 6)
|
Batting: LHB Richard Brooks
|
0-0: Called Strike Throwing error on steal attempt, E2 Devin Smith to third 0-1: Ball 1-1: Swinging Strike 1-2: Strikes out looking
|
Bottom of the 4th over - 0 run(s), 1 hit(s), 1 error(s), 1 left on base; Nashua 2 - Kenosha 0 |
TOP OF THE 5TH |
Nashua Redlegs batting - Pitching for Kenosha Kingfish : RHP Anastasio Cervantes
|
Batting: SHB José Hernández
|
0-0: Foul Ball, location: 2F 0-1: Fly out, F8 (Line Drive, 8RM)
|
Batting: RHB Miguel González
|
0-0: Ball 1-0: Foul Ball, location: 2F 1-1: Ball 2-1: Fly out, F7 (Line Drive, 7M)
|
Batting: LHB Tim Ramsey
|
0-0: Called Strike 0-1: Fly out, F8 (Popup, 8LS)
|
Top of the 5th over - 0 run(s), 0 hit(s), 0 error(s), 0 left on base; Nashua 2 - Kenosha 0 |
BOTTOM OF THE 5TH |
Kenosha Kingfish batting - Pitching for Nashua Redlegs : LHP Joe Jenkins
|
Batting: LHB Miguel Flores
|
0-0: Foul Ball, location: 2F 0-1: Foul Ball, location: 2F 0-2: Ball 1-2: SINGLE (Groundball, 34S)
|
Batting: RHB Doug Lutz
|
0-0: Called Strike 0-1: Ball 1-1: Grounds into double play, 4-6-3 (Groundball, 4)
|
Batting: RHB José Vargas
|
0-0: Fly out, F8 (Flyball, 89M)
|
Bottom of the 5th over - 0 run(s), 1 hit(s), 0 error(s), 0 left on base; Nashua 2 - Kenosha 0 |
TOP OF THE 6TH |
Nashua Redlegs batting - Pitching for Kenosha Kingfish : RHP Anastasio Cervantes
|
Batting: RHB Héctor Vázquez
|
0-0: Called Strike 0-1: Foul Ball, location: 2F 0-2: Ball 1-2: SINGLE (Line Drive, 9S)
|
Batting: LHB Bill McCraney
|
0-0: Ball 1-0: Ball 2-0: Foul Ball, location: 2F 2-1: Ball 3-1: Foul Ball, location: 2F 3-2: DOUBLE (Line Drive, 89D) Héctor Vázquez to third Runner from 3rd tries for Home, SAFE, no throw or cutoff
|
Batting: SHB Ryan Holcomb
|
0-0: Called Strike 0-1: Swinging Strike 0-2: Foul Ball, location: 2F 0-2: Foul Ball, location: 2F 0-2: Ball 1-2: Strikes out swinging
|
Batting: LHB Bernardo Rodríguez
|
0-0: Intentional Walk
|
Pitching: LHP Nick Clayton
|
|
Batting: RHB Joe Noble
|
0-0: Ball 1-0: Foul Ball, location: 2F 1-1: Called Strike 1-2: Ground out 3-1 (Groundball, 34S) Bill McCraney to third Bernardo Rodríguez to second
|
Batting: RHB Alan Evans
|
0-0: Ball 1-0: Called Strike 1-1: Foul Ball, location: 2F 1-2: Strikes out swinging
|
Top of the 6th over - 1 run(s), 2 hit(s), 0 error(s), 2 left on base; Nashua 3 - Kenosha 0 |
BOTTOM OF THE 6TH |
Kenosha Kingfish batting - Pitching for Nashua Redlegs : LHP Joe Jenkins
|
Batting: RHB Manuel Gómez
|
0-0: Called Strike 0-1: Fly out, F6 (Popup, 6D)
|
Batting: RHB Sergio Mata
|
0-0: Ball 1-0: Ground out 6-3 (Groundball, 6)
|
Batting: RHB Francisco Martínez
|
0-0: Ball 1-0: Ball 2-0: Ground out 4-3 (Groundball, 4)
|
Bottom of the 6th over - 0 run(s), 0 hit(s), 0 error(s), 0 left on base; Nashua 3 - Kenosha 0 |
TOP OF THE 7TH |
Nashua Redlegs batting - Pitching for Kenosha Kingfish : LHP Nick Clayton
|
Batting: SHB José Hernández
|
0-0: Ground out 6-3 (Groundball, 6)
|
Batting: RHB Miguel González
|
0-0: Ball 1-0: Ball 2-0: Called Strike 2-1: Ground out 5-3 (Groundball, 56)
|
Batting: LHB Tim Ramsey
|
0-0: Fly out, F4 (Popup, 4D)
|
Top of the 7th over - 0 run(s), 0 hit(s), 0 error(s), 0 left on base; Nashua 3 - Kenosha 0 |
BOTTOM OF THE 7TH |
Kenosha Kingfish batting - Pitching for Nashua Redlegs : LHP Joe Jenkins
|
Batting: RHB Matt Rodríguez
|
0-0: Ball 1-0: Foul Ball, location: 2F 1-1: Ball 2-1: Called Strike 2-2: Foul Ball, location: 2F 2-2: DOUBLE (Line Drive, 5D)
|
Batting: SHB Devin Smith
|
0-0: Ball 1-0: Ball 2-0: Swinging Strike 2-1: Ground out 6-3 (Groundball, 6)
|
Batting: LHB Richard Brooks
|
0-0: Foul Ball, location: 2F 0-1: Ground out 4-3 (Groundball, 34) Matt Rodríguez to third
|
Batting: LHB Miguel Flores
|
0-0: Foul Ball, location: 2F 0-1: SINGLE (Groundball, 56D) Matt Rodríguez scores
|
Pitching: RHP Carlos Rodríguez
|
|
Batting: RHB Doug Lutz
|
0-0: Foul Ball, location: 2F 0-1: Ball 1-1: Swinging Strike 1-2: Foul Ball, location: 2F 1-2: Ball Miguel Flores steals 2nd base 2-2: Foul Ball, location: 2F 2-2: Foul Ball, location: 2F 2-2: Ball 3-2: Base on Balls
|
Pinch Hitting: LHB Carlton López
|
0-0: Ball 1-0: Ball 2-0: Ball 3-0: Called Strike 3-1: Called Strike 3-2: Foul Ball, location: 2F 3-2: Base on Balls Miguel Flores to third Doug Lutz to second
|
Pinch Hitting: SHB Júlio Valentín
|
0-0: Called Strike 0-1: Foul Ball, location: 2F 0-2: Strikes out swinging
|
Bottom of the 7th over - 1 run(s), 2 hit(s), 0 error(s), 3 left on base; Nashua 3 - Kenosha 1 |
TOP OF THE 8TH |
Nashua Redlegs batting - Pitching for Kenosha Kingfish : LHP Nick Clayton
|
Now at 2B: Júlio Valentín
|
|
Now in CF: Carlton López
|
|
Batting: RHB Héctor Vázquez
|
0-0: Ball 1-0: Swinging Strike 1-1: Ball 2-1: Fly out, F9 (Flyball, 9LM)
|
Batting: LHB Bill McCraney
|
0-0: Called Strike 0-1: Ball 1-1: Ball 2-1: Called Strike 2-2: Fly out, F9 (Flyball, 89M)
|
Batting: SHB Ryan Holcomb
|
0-0: SOLO HOME RUN (Flyball, 7D), Distance : 400 ft
|
Batting: LHB Bernardo Rodríguez
|
0-0: Ball 1-0: Foul Ball, location: 2F 1-1: Ground out 5-3 (Groundball, 56)
|
Top of the 8th over - 1 run(s), 1 hit(s), 0 error(s), 0 left on base; Nashua 4 - Kenosha 1 |
BOTTOM OF THE 8TH |
Kenosha Kingfish batting - Pitching for Nashua Redlegs : RHP Carlos Rodríguez
|
Batting: RHB Sergio Mata
|
0-0: Called Strike 0-1: Swinging Strike 0-2: Foul Ball, location: 2F 0-2: Ball 1-2: Ball 2-2: Strikes out swinging
|
Batting: RHB Francisco Martínez
|
0-0: Ball 1-0: Ball 2-0: Foul Ball, location: 2F 2-1: DOUBLE (Line Drive, 7LM)
|
Batting: RHB Matt Rodríguez
|
0-0: Foul Ball, location: 2F 0-1: Swinging Strike 0-2: Foul Ball, location: 2F 0-2: SINGLE (Groundball, 6) Francisco Martínez to third Runner from 3rd tries for Home, SAFE, throw made home Matt Rodríguez to second
|
Batting: SHB Devin Smith
|
0-0: Ball 1-0: Ball 2-0: Swinging Strike 2-1: Ball 3-1: Base on Balls
|
Pitching: LHP Jorge Melgaza
|
|
Pinch Runner at 2nd Don Anthony:
|
|
Pinch Hitting: RHB Esteban Ayala
|
0-0: Called Strike 0-1: Swinging Strike 0-2: Ball 1-2: Strikes out swinging
|
Pitching: LHP William Romero
|
|
Batting: LHB Miguel Flores
|
0-0: SINGLE (Groundball, 56D) Don Anthony to third Devin Smith to second Runner from 3rd tries for Home, SAFE, no throw or cutoff
|
Batting: RHB Doug Lutz
|
0-0: Called Strike 0-1: Ball 1-1: Foul Ball, location: 2F 1-2: Strikes out swinging
|
Bottom of the 8th over - 2 run(s), 3 hit(s), 0 error(s), 2 left on base; Nashua 4 - Kenosha 3 |
TOP OF THE 9TH |
Nashua Redlegs batting - Pitching for Kenosha Kingfish : LHP Nick Clayton
|
Pitching: RHP Edwin Manning
|
|
Now at 2B: Esteban Ayala
|
|
Now at 3B: Don Anthony
|
|
Batting: RHB Joe Noble
|
0-0: Ground out 3-1 (Groundball, 34)
|
Batting: RHB Alan Evans
|
0-0: Foul Ball, location: 2F 0-1: Ball 1-1: SINGLE (Flyball, 9LS)
|
Batting: SHB José Hernández
|
0-0: Ball 1-0: Swinging Strike 1-1: Ball 2-1: Foul Ball, location: 2F 2-2: Ball Single, Error in OF, E9, batter to second base Alan Evans to third
|
Batting: RHB Miguel González
|
0-0: Ball 1-0: Ball 2-0: Foul Ball, location: 2F 2-1: Swinging Strike 2-2: Ball 3-2: Strikes out swinging
|
Batting: LHB Tim Ramsey
|
0-0: Foul Ball, location: 2F 0-1: Ball 1-1: Swinging Strike 1-2: Foul Ball, location: 2F 1-2: Foul Ball, location: 2F 1-2: Ball 2-2: Ground out 4-3 (Groundball, 4M)
|
Top of the 9th over - 0 run(s), 2 hit(s), 1 error(s), 2 left on base; Nashua 4 - Kenosha 3 |
BOTTOM OF THE 9TH |
Kenosha Kingfish batting - Pitching for Nashua Redlegs : LHP William Romero
|
Pitching: RHP José Gusmán
|
|
Batting: LHB Carlton López
|
0-0: Ball 1-0: Ball 2-0: Foul Ball, location: 2F 2-1: Foul Ball, location: 2F 2-2: Ball 3-2: Foul Ball, location: 2F 3-2: Base on Balls
|
Batting: SHB Júlio Valentín
|
0-0: Ball 1-0: Bunted foul 1-1: Sac Bunt - play at first, batter OUT! 2-4 Carlton López to second
|
Batting: RHB Sergio Mata
|
0-0: Ball 1-0: Ball 2-0: Ball 3-0: Called Strike 3-1: Fly out, F7 (Flyball, 78D)
|
Batting: RHB Francisco Martínez
|
0-0: Ball 1-0: Called Strike 1-1: Ball 2-1: Ball 3-1: Base on Balls
|
Pinch Hitting: SHB John Beach
|
0-0: Called Strike 0-1: Ball 1-1: Swinging Strike 1-2: SINGLE (Line Drive, 34) Carlton López to third Francisco Martínez to second Runner from 3rd tries for Home, SAFE, no throw or cutoff
|
Batting: SHB Devin Smith
|
0-0: Swinging Strike 0-1: Ball 1-1: Ball 2-1: SINGLE (Flyball, 9LS) Francisco Martínez to third John Beach to second Runner from 3rd tries for Home, SAFE, throw made home
|
Monday, December 5th, 2016 - OOTP Baseball 17.12 Build 75
|
|